TOP OF THE 1ST |
University of Maine Black Bears batting - Pitching for University of Florida Gators : RHP Mike Brandon
|
Pitching: RHP Mike Brandon
|
|
Batting: RHB Kevin Baker
|
0-0: Ball 1-0: Ball 2-0: Ground out 4-3 (Groundball, 4, EV 86.9 MPH)
|
Batting: LHB Dave Aguilar
|
0-0: Called Strike 0-1: Foul Ball, location: 2F 0-2: Ground out 4-3 (Groundball, 4S, EV 86.3 MPH)
|
Batting: LHB Ed Leighton
|
0-0: Ball 1-0: Foul Ball, location: 23FF 1-1: Ball 2-1: Fly out, F4 (Popup, 4MD, EV 53.1 MPH)
|
Top of the 1st over - 0 runs, 0 hits, 0 errors, 0 left on base; University of Maine 0 - University of Florida 0 |
BOTTOM OF THE 1ST |
University of Florida Gators batting - Pitching for University of Maine Black Bears : RHP Sal Teran
|
Pitching: RHP Sal Teran
|
|
Batting: RHB Hiromichi Takamoto
|
0-0: Called Strike 0-1: Fly out, F7 (Flyball, 7, EV 81.9 MPH)
|
Batting: LHB Roy Davies
|
0-0: Called Strike 0-1: Ball 1-1: Ball 2-1: Ball 3-1: Called Strike 3-2: Strikes out swinging
|
Batting: RHB Gong-sun Law
|
0-0: Called Strike 0-1: Ball 1-1: Ground out 5-3 (Groundball, 56, EV 87.5 MPH)
|
Bottom of the 1st over - 0 runs, 0 hits, 0 errors, 0 left on base; University of Maine 0 - University of Florida 0 |
TOP OF THE 2ND |
University of Maine Black Bears batting - Pitching for University of Florida Gators : RHP Mike Brandon
|
Batting: SHB Mario Barajas
|
0-0: Called Strike 0-1: Ground out 5-3 (Groundball, 56S, EV 73.8 MPH)
|
Batting: LHB Osmo Leino
|
0-0: Ball 1-0: Ball 2-0: Ball 3-0: Called Strike 3-1: Base on Balls
|
Batting: RHB Rewa Havika
|
0-0: Ball 1-0: Foul Ball, location: 9LMF 1-1: Swinging Strike 1-2: Ball 2-2: Strikes out swinging
|
Batting: LHB John Bergeron
|
0-0: Swinging Strike 0-1: Ball 1-1: Foul Ball, location: 5F 1-2: Fly out, F8 (Flyball, 8RM, EV 86.9 MPH)
|
Top of the 2nd over - 0 runs, 0 hits, 0 errors, 1 left on base; University of Maine 0 - University of Florida 0 |
BOTTOM OF THE 2ND |
University of Florida Gators batting - Pitching for University of Maine Black Bears : RHP Sal Teran
|
Batting: RHB Lião Weishampt
|
0-0: Foul Ball, location: 2F 0-1: Foul Ball, location: 2F 0-2: Foul Ball, location: 2F 0-2: Ground out 6-3 (Groundball, 56, EV 85.6 MPH)
|
Batting: RHB Jae-won Kwon
|
0-0: Called Strike 0-1: Ball 1-1: Ground out 6-3 (Groundball, 6, EV 94.4 MPH)
|
Batting: RHB Jiao-long Zhào
|
0-0: Ball 1-0: Called Strike 1-1: Ball 2-1: Swinging Strike 2-2: Ball 3-2: Base on Balls
|
Batting: RHB Conz Laufenberg
|
0-0: Called Strike Jiao-long Zhào is caught stealing 2nd base 2-4
|
Bottom of the 2nd over - 0 runs, 0 hits, 0 errors, 0 left on base; University of Maine 0 - University of Florida 0 |
TOP OF THE 3RD |
University of Maine Black Bears batting - Pitching for University of Florida Gators : RHP Mike Brandon
|
Batting: SHB Ron Handford
|
0-0: Called Strike 0-1: Foul Ball, location: 2F 0-2: Strikes out looking
|
Batting: RHB Julio Villanueva
|
0-0: Called Strike 0-1: Swinging Strike 0-2: Foul Ball, location: 7LSF 0-2: Ball 1-2: Strikes out looking
|
Batting: RHB Kevin Baker
|
0-0: Called Strike 0-1: Called Strike 0-2: Strikes out swinging
|
Top of the 3rd over - 0 runs, 0 hits, 0 errors, 0 left on base; University of Maine 0 - University of Florida 0 |
BOTTOM OF THE 3RD |
University of Florida Gators batting - Pitching for University of Maine Black Bears : RHP Sal Teran
|
Batting: RHB Conz Laufenberg
|
0-0: Called Strike 0-1: Ground out 1-3 (Groundball, 34S, EV 65.0 MPH)
|
Batting: RHB Juan Lopez
|
0-0: Fly out, F7 (Flyball, 78D, EV 100.0 MPH)
|
Batting: RHB Angelo Rentas
|
0-0: Ball 1-0: Ball 2-0: Ball 3-0: Called Strike 3-1: Base on Balls
|
Batting: RHB Hiromichi Takamoto
|
0-0: Ball 1-0: Ball 2-0: Ball 3-0: Called Strike 3-1: Swinging Strike 3-2: Strikes out swinging
|
Bottom of the 3rd over - 0 runs, 0 hits, 0 errors, 1 left on base; University of Maine 0 - University of Florida 0 |
TOP OF THE 4TH |
University of Maine Black Bears batting - Pitching for University of Florida Gators : RHP Mike Brandon
|
Batting: LHB Dave Aguilar
|
0-0: Called Strike 0-1: Ball 1-1: Foul Ball, location: 5F 1-2: Ball 2-2: Strikes out swinging
|
Batting: LHB Ed Leighton
|
0-0: Ball 1-0: Called Strike 1-1: SINGLE (Line Drive, 7S, EV 106.9 MPH)
|
Batting: SHB Mario Barajas
|
0-0: Foul Ball, location: 23F 0-1: Foul Ball, location: 9LSF 0-2: Strikes out swinging
|
Batting: LHB Osmo Leino
|
0-0: Called Strike 0-1: Swinging Strike 0-2: Ball 1-2: Strikes out swinging
|
Top of the 4th over - 0 runs, 1 hit, 0 errors, 1 left on base; University of Maine 0 - University of Florida 0 |
BOTTOM OF THE 4TH |
University of Florida Gators batting - Pitching for University of Maine Black Bears : RHP Sal Teran
|
Batting: LHB Roy Davies
|
0-0: Ball 1-0: Swinging Strike 1-1: SINGLE (Groundball, 6MS, EV 71.9 MPH) (infield hit)
|
Batting: RHB Gong-sun Law
|
0-0: Ball 1-0: Called Strike 1-1: Ball 2-1: Fly out, F9 (Flyball, 9D, EV 98.1 MPH)
|
Batting: RHB Lião Weishampt
|
0-0: Called Strike 0-1: Ball 1-1: Foul Ball, location: 25F 1-2: SINGLE (Line Drive, 6D, EV 95.0 MPH) Roy Davies to second
|
Batting: RHB Jae-won Kwon
|
0-0: Grounds into double play, 1-4-3 (Groundball, 15S, EV 74.4 MPH)
|
Bottom of the 4th over - 0 runs, 2 hits, 0 errors, 1 left on base; University of Maine 0 - University of Florida 0 |
TOP OF THE 5TH |
University of Maine Black Bears batting - Pitching for University of Florida Gators : RHP Mike Brandon
|
Batting: RHB Rewa Havika
|
0-0: Called Strike 0-1: Foul Ball, location: 3F 0-2: Strikes out looking
|
Batting: LHB John Bergeron
|
0-0: Foul Ball, location: 2F 0-1: Ball 1-1: Foul Ball, location: 5DF 1-2: Strikes out swinging
|
Batting: SHB Ron Handford
|
0-0: Ball 1-0: Ball 2-0: Called Strike 2-1: Foul Ball, location: 2F 2-2: Ball 3-2: Strikes out swinging
|
Top of the 5th over - 0 runs, 0 hits, 0 errors, 0 left on base; University of Maine 0 - University of Florida 0 |
BOTTOM OF THE 5TH |
University of Florida Gators batting - Pitching for University of Maine Black Bears : RHP Sal Teran
|
Batting: RHB Jiao-long Zhào
|
0-0: Fly out, F8 (Line Drive, 8RM, EV 90.6 MPH)
|
Batting: RHB Conz Laufenberg
|
0-0: Ball 1-0: Fly out, F9 (Flyball, 9, EV 90.6 MPH)
|
Batting: RHB Juan Lopez
|
0-0: Called Strike 0-1: Fly out, F9 (Flyball, 89M, EV 88.8 MPH)
|
Bottom of the 5th over - 0 runs, 0 hits, 0 errors, 0 left on base; University of Maine 0 - University of Florida 0 |
TOP OF THE 6TH |
University of Maine Black Bears batting - Pitching for University of Florida Gators : RHP Mike Brandon
|
Batting: RHB Julio Villanueva
|
0-0: Called Strike 0-1: Swinging Strike 0-2: Ball 1-2: Ball 2-2: Strikes out swinging
|
Batting: RHB Kevin Baker
|
0-0: Ball 1-0: Swinging Strike 1-1: Ball 2-1: Swinging Strike 2-2: Strikes out swinging
|
Batting: LHB Dave Aguilar
|
0-0: Called Strike 0-1: Ball 1-1: Foul Ball, location: 2F 1-2: Ball 2-2: Foul Ball, location: 2RF 2-2: Foul Ball, location: 7LSF 2-2: Ball 3-2: Base on Balls
|
Pitching: RHP Sam Rekowski
|
|
Batting: LHB Ed Leighton
|
0-0: Called Strike 0-1: Ball 1-1: Foul Ball, location: 5SF 1-2: Ground out U3 (Groundball, 3L, EV 80.0 MPH)
|
Top of the 6th over - 0 runs, 0 hits, 0 errors, 1 left on base; University of Maine 0 - University of Florida 0 |
BOTTOM OF THE 6TH |
University of Florida Gators batting - Pitching for University of Maine Black Bears : RHP Sal Teran
|
Batting: RHB Angelo Rentas
|
0-0: Ball 1-0: Foul Ball, location: 2F 1-1: Foul Ball, location: 3FF 1-2: Foul Ball, location: 2F 1-2: Ball 2-2: Ball 3-2: Ground out 5-3 (Groundball, 56, EV 81.3 MPH)
|
Batting: RHB Hiromichi Takamoto
|
0-0: Called Strike 0-1: Ball 1-1: Swinging Strike 1-2: Ball 2-2: Ground out 6-3 (Groundball, 6, EV 90.6 MPH)
|
Batting: LHB Roy Davies
|
0-0: Ball 1-0: Ball 2-0: Foul Ball, location: 23FF 2-1: Ball 3-1: Base on Balls
|
Pitching: LHP Edwin Aranda
|
|
Batting: RHB Gong-sun Law
|
0-0: Ball 1-0: Ball 2-0: Called Strike 2-1: Ball 3-1: Swinging Strike 3-2: Foul Ball, location: 2F 3-2: Base on Balls Roy Davies to second
|
Batting: RHB Lião Weishampt
|
0-0: Ball 1-0: Foul Ball, location: 2F 1-1: Swinging Strike 1-2: Strikes out swinging
|
Bottom of the 6th over - 0 runs, 0 hits, 0 errors, 2 left on base; University of Maine 0 - University of Florida 0 |
TOP OF THE 7TH |
University of Maine Black Bears batting - Pitching for University of Florida Gators : RHP Sam Rekowski
|
Batting: SHB Mario Barajas
|
0-0: Called Strike 0-1: Ground out 4-3 (Groundball, 4, EV 79.4 MPH)
|
Batting: LHB Osmo Leino
|
0-0: Ball 1-0: Ball 2-0: Ball 3-0: Called Strike 3-1: Called Strike 3-2: Fly out, F7 (Flyball, 78D, EV 104.4 MPH)
|
Batting: RHB Rewa Havika
|
0-0: Called Strike 0-1: Called Strike 0-2: Ball 1-2: Ball 2-2: Strikes out swinging
|
Top of the 7th over - 0 runs, 0 hits, 0 errors, 0 left on base; University of Maine 0 - University of Florida 0 |
BOTTOM OF THE 7TH |
University of Florida Gators batting - Pitching for University of Maine Black Bears : LHP Edwin Aranda
|
Pitching: RHP Tom Piersma
|
|
Batting: RHB Jae-won Kwon
|
0-0: Ball 1-0: Ground out 3-1 (Groundball, 34, EV 106.9 MPH)
|
Batting: RHB Jiao-long Zhào
|
0-0: Ball 1-0: Ball 2-0: Ground out 5-3 (Groundball, 56S, EV 83.8 MPH)
|
Batting: RHB Conz Laufenberg
|
0-0: Ball 1-0: Ground out 4-3 (Groundball, 4, EV 96.3 MPH)
|
Bottom of the 7th over - 0 runs, 0 hits, 0 errors, 0 left on base; University of Maine 0 - University of Florida 0 |
TOP OF THE 8TH |
University of Maine Black Bears batting - Pitching for University of Florida Gators : RHP Sam Rekowski
|
Batting: LHB John Bergeron
|
0-0: Ball 1-0: Called Strike 1-1: Foul Ball, location: 3F 1-2: Ground out 4-3 (Groundball, 4, EV 82.5 MPH)
|
Batting: SHB Ron Handford
|
0-0: Called Strike 0-1: Fly out, F8 (Line Drive, 8RM, EV 88.8 MPH)
|
Batting: RHB Julio Villanueva
|
0-0: Called Strike 0-1: Swinging Strike 0-2: Strikes out swinging
|
Top of the 8th over - 0 runs, 0 hits, 0 errors, 0 left on base; University of Maine 0 - University of Florida 0 |
BOTTOM OF THE 8TH |
University of Florida Gators batting - Pitching for University of Maine Black Bears : RHP Tom Piersma
|
Pitching: RHP Tommy Meade
|
|
Batting: RHB Juan Lopez
|
0-0: Ball 1-0: Ball 2-0: DOUBLE (Flyball, 89D, EV 98.8 MPH)
|
Batting: RHB Angelo Rentas
|
0-0: Fly out, F7 (Flyball, 7D, EV 106.3 MPH)
|
Pinch Hitting: SHB Tokuichi Ishida
|
0-0: Called Strike 0-1: Ball 1-1: Foul Ball, location: 3SF 1-2: Ground out 1-3 (Groundball, 34S, EV 68.8 MPH)
|
Batting: LHB Roy Davies
|
0-0: Ball 1-0: Ball 2-0: Called Strike 2-1: Foul Ball, location: 2LF 2-2: Fly out, F7 (Flyball, 78M, EV 88.8 MPH)
|
Bottom of the 8th over - 0 runs, 1 hit, 0 errors, 1 left on base; University of Maine 0 - University of Florida 0 |
TOP OF THE 9TH |
University of Maine Black Bears batting - Pitching for University of Florida Gators : RHP Sam Rekowski
|
Now in RF: Nelson Carachure
|
|
Batting: RHB Kevin Baker
|
0-0: Ball 1-0: Swinging Strike 1-1: Ground out 4-3 (Groundball, 4S, EV 88.8 MPH)
|
Pinch Hitting: RHB Justin Degon
|
0-0: Ball 1-0: Swinging Strike 1-1: Ground out 3-1 (Groundball, 34S, EV 83.8 MPH)
|
Pitching: LHP Alex Zepeda
|
|
Batting: LHB Ed Leighton
|
0-0: Ball 1-0: Swinging Strike 1-1: Ball 2-1: Ball 3-1: Base on Balls
|
Batting: SHB Mario Barajas
|
0-0: Fly out, F7 (Flyball, 7D, EV 108.8 MPH)
|
Top of the 9th over - 0 runs, 0 hits, 0 errors, 1 left on base; University of Maine 0 - University of Florida 0 |
BOTTOM OF THE 9TH |
University of Florida Gators batting - Pitching for University of Maine Black Bears : RHP Tommy Meade
|
Now at 2B: Justin Degon
|
|
Batting: RHB Gong-sun Law
|
0-0: Foul Ball, location: 7LSFF 0-1: SINGLE (Line Drive, 56D, EV 98.8 MPH)
|
Batting: RHB Lião Weishampt
|
0-0: Ball Gong-sun Law is caught stealing 2nd base 2-4 1-0: Called Strike 1-1: Foul Ball, location: 9LDF 1-2: Ground out 6-3 (Groundball, 6, EV 85.6 MPH)
|
Batting: RHB Jae-won Kwon
|
0-0: Ground out 5-3 (Groundball, 5, EV 91.9 MPH)
|
Bottom of the 9th over - 0 runs, 1 hit, 0 errors, 0 left on base; University of Maine 0 - University of Florida 0 |
TOP OF THE 10TH |
University of Maine Black Bears batting - Pitching for University of Florida Gators : LHP Alex Zepeda
|
Pitching: RHP Gwang-sam Choe
|
|
Batting: LHB Osmo Leino
|
0-0: Ball 1-0: Ball 2-0: Called Strike 2-1: Ball 3-1: Called Strike 3-2: Foul Ball, location: 2F 3-2: Foul Ball, location: 9LMF 3-2: Foul Ball, location: 5DF 3-2: Strikes out swinging
|
Batting: RHB Rewa Havika
|
0-0: Called Strike 0-1: SINGLE (Groundball, 56D, EV 96.9 MPH)
|
Batting: LHB John Bergeron
|
0-0: Swinging Strike 0-1: Foul Ball, location: 5SF 0-2: Ball 1-2: Ball 2-2: Foul Ball, location: 9LDF 2-2: Foul Ball, location: 7LMF 2-2: Fly out, F9 (Line Drive, 89D, EV 87.5 MPH)
|
Now in RF: Pat Justice
|
|
Batting: SHB Ron Handford
|
0-0: Called Strike 0-1: Ball 1-1: Foul Ball, location: 2F 1-2: Ball 2-2: Ground out U3 (Groundball, 3, EV 87.5 MPH)
|
Top of the 10th over - 0 runs, 1 hit, 0 errors, 1 left on base; University of Maine 0 - University of Florida 0 |
BOTTOM OF THE 10TH |
University of Florida Gators batting - Pitching for University of Maine Black Bears : RHP Tommy Meade
|
Batting: RHB Jiao-long Zhào
|
0-0: Foul Ball, location: 9LDF 0-1: Foul Ball, location: 5SF 0-2: Foul Ball, location: 5FF 0-2: Ball 1-2: Strikes out swinging
|
Batting: RHB Conz Laufenberg
|
0-0: Called Strike 0-1: Ball 1-1: Ball 2-1: Foul Ball, location: 23FF 2-2: Foul Ball, location: 2F 2-2: Ball 3-2: Base on Balls
|
Batting: RHB Juan Lopez
|
0-0: Sac Bunt to 15S - play at first, batter OUT! 1-3 Conz Laufenberg to second
|
Pinch Hitting: RHB Josh Curtis
|
0-0: Called Strike 0-1: Swinging Strike 0-2: Foul Ball, location: 2F 0-2: Ball 1-2: Strikes out swinging
|
Bottom of the 10th over - 0 runs, 0 hits, 0 errors, 1 left on base; University of Maine 0 - University of Florida 0 |
TOP OF THE 11TH |
University of Maine Black Bears batting - Pitching for University of Florida Gators : RHP Gwang-sam Choe
|
Now at C: Josh Curtis
|
|
Batting: RHB Julio Villanueva
|
0-0: Foul Ball, location: 5F 0-1: Ball 1-1: Foul Ball, location: 7LDF 1-2: Strikes out swinging
|
Batting: RHB Kevin Baker
|
0-0: Ball 1-0: Called Strike 1-1: Called Strike 1-2: Ball 2-2: Ball 3-2: Strikes out looking
|
Batting: RHB Justin Degon
|
0-0: Fly out, F9 (Flyball, 9, EV 91.3 MPH)
|
Top of the 11th over - 0 runs, 0 hits, 0 errors, 0 left on base; University of Maine 0 - University of Florida 0 |
BOTTOM OF THE 11TH |
University of Florida Gators batting - Pitching for University of Maine Black Bears : RHP Tommy Meade
|
Batting: SHB Pat Justice
|
0-0: Ball 1-0: Called Strike 1-1: Ball 2-1: Foul Ball, location: 25F 2-2: Ball 3-2: Strikes out swinging
|
Batting: LHB Roy Davies
|
0-0: Ball 1-0: Called Strike 1-1: Ball 2-1: Ground out 4-3 (Groundball, 4, EV 81.9 MPH)
|
Batting: RHB Gong-sun Law
|
0-0: Called Strike 0-1: Foul Ball, location: 2F 0-2: Ball 1-2: Foul Ball, location: 2F 1-2: Ball 2-2: Foul Ball, location: 9LMF 2-2: Ground out 6-3 (Groundball, 6, EV 80.0 MPH)
|
Bottom of the 11th over - 0 runs, 0 hits, 0 errors, 0 left on base; University of Maine 0 - University of Florida 0 |
TOP OF THE 12TH |
University of Maine Black Bears batting - Pitching for University of Florida Gators : RHP Gwang-sam Choe
|
Pitching: LHP Michel Loiseau
|
|
Batting: LHB Ed Leighton
|
0-0: Called Strike 0-1: Foul Ball, location: 2F 0-2: Ball 1-2: Strikes out looking
|
Batting: SHB Mario Barajas
|
0-0: Ball 1-0: Foul Ball, location: 2LF 1-1: Ground out 5-3 (Groundball, 56S, EV 70.0 MPH)
|
Batting: LHB Osmo Leino
|
0-0: Foul Ball, location: 7LMF 0-1: Called Strike 0-2: Ball 1-2: Foul Ball, location: 2F 1-2: Foul Ball, location: 3F 1-2: Ball 2-2: Ball 3-2: Foul Ball, location: 5F 3-2: Ground out 3-1 (Groundball, 34S, EV 84.4 MPH)
|
Top of the 12th over - 0 runs, 0 hits, 0 errors, 0 left on base; University of Maine 0 - University of Florida 0 |
BOTTOM OF THE 12TH |
University of Florida Gators batting - Pitching for University of Maine Black Bears : RHP Tommy Meade
|
Pitching: RHP Abera Koude
|
|
Batting: RHB Lião Weishampt
|
0-0: Foul Ball, location: 2F 0-1: Fly out, F7 (Flyball, 7S, EV 96.3 MPH)
|
Batting: RHB Jae-won Kwon
|
0-0: Swinging Strike 0-1: Ball 1-1: Foul Ball, location: 2F 1-2: Strikes out swinging
|
Batting: RHB Jiao-long Zhào
|
0-0: Swinging Strike 0-1: Called Strike 0-2: Strikes out swinging
|
Bottom of the 12th over - 0 runs, 0 hits, 0 errors, 0 left on base; University of Maine 0 - University of Florida 0 |
TOP OF THE 13TH |
University of Maine Black Bears batting - Pitching for University of Florida Gators : LHP Michel Loiseau
|
Batting: RHB Rewa Havika
|
0-0: Foul Ball, location: 2F 0-1: Swinging Strike 0-2: Fly out, F8 (Flyball, 8LXD, EV 105.0 MPH)
|
Batting: LHB John Bergeron
|
0-0: Ball 1-0: Called Strike 1-1: Ball 2-1: Foul Ball, location: 3SF 2-2: Strikes out swinging
|
Batting: SHB Ron Handford
|
0-0: Foul Ball, location: 3SF 0-1: Ball 1-1: Ball 2-1: Foul Ball, location: 2F 2-2: Strikes out swinging
|
Top of the 13th over - 0 runs, 0 hits, 0 errors, 0 left on base; University of Maine 0 - University of Florida 0 |
BOTTOM OF THE 13TH |
University of Florida Gators batting - Pitching for University of Maine Black Bears : RHP Abera Koude
|
Batting: RHB Conz Laufenberg
|
0-0: Called Strike 0-1: Ball 1-1: Ball 2-1: Ball 3-1: Called Strike 3-2: Foul Ball, location: 5F 3-2: Strikes out swinging
|
Batting: RHB Juan Lopez
|
0-0: Called Strike 0-1: Ball 1-1: Foul Ball, location: 23F 1-2: Ground out 5-3 (Groundball, 56S, EV 62.5 MPH)
|
Pitching: RHP Shizue Morimoto
|
|
Batting: RHB Josh Curtis
|
0-0: SINGLE (Groundball, P, EV 87.5 MPH) (infield hit)
|
Batting: SHB Pat Justice
|
0-0: Called Strike 0-1: Ball 1-1: Ball 2-1: Ground out 4-3 (Groundball, 4, EV 83.1 MPH)
|
Bottom of the 13th over - 0 runs, 1 hit, 0 errors, 1 left on base; University of Maine 0 - University of Florida 0 |
TOP OF THE 14TH |
University of Maine Black Bears batting - Pitching for University of Florida Gators : LHP Michel Loiseau
|
Batting: RHB Julio Villanueva
|
0-0: Called Strike 0-1: Foul Ball, location: 25F 0-2: Strikes out swinging
|
Batting: RHB Kevin Baker
|
0-0: Ball 1-0: Swinging Strike 1-1: Called Strike 1-2: Ball 2-2: Ball 3-2: Strikes out swinging
|
Batting: RHB Justin Degon
|
0-0: Fly out, F8 (Flyball, 8LM, EV 90.6 MPH)
|
Top of the 14th over - 0 runs, 0 hits, 0 errors, 0 left on base; University of Maine 0 - University of Florida 0 |
BOTTOM OF THE 14TH |
University of Florida Gators batting - Pitching for University of Maine Black Bears : RHP Shizue Morimoto
|
Batting: LHB Roy Davies
|
0-0: Ball 1-0: DOUBLE (Line Drive, 89D, EV 108.1 MPH)
|
Batting: RHB Gong-sun Law
|
0-0: Intentional Walk
|
Batting: RHB Lião Weishampt
|
0-0: Ball 1-0: Called Strike 1-1: Called Strike 1-2: Strikes out swinging
|
Batting: RHB Jae-won Kwon
|
0-0: Foul Ball, location: 5FF 0-1: Fly out, F7 (Flyball, 7S, EV 98.8 MPH)
|
Batting: RHB Jiao-long Zhào
|
0-0: Ball 1-0: Foul Ball, location: 2F 1-1: Fly out, F3 (Line Drive, 3L, EV 76.9 MPH)
|
Bottom of the 14th over - 0 runs, 1 hit, 0 errors, 2 left on base; University of Maine 0 - University of Florida 0 |
TOP OF THE 15TH |
University of Maine Black Bears batting - Pitching for University of Florida Gators : LHP Michel Loiseau
|
Batting: LHB Ed Leighton
|
0-0: Ball 1-0: Ball 2-0: Foul Ball, location: 3F 2-1: Foul Ball, location: 2LF 2-2: Strikes out swinging
|
Batting: SHB Mario Barajas
|
0-0: Called Strike 0-1: Ball 1-1: Ball 2-1: Ground out 5-3 (Groundball, 56S, EV 84.4 MPH)
|
Batting: LHB Osmo Leino
|
0-0: Foul Ball, location: 2F 0-1: Ball 1-1: Ball 2-1: Foul Ball, location: 7LDF 2-2: Ball 3-2: DOUBLE (Line Drive, 7LS, EV 105.0 MPH)
|
Batting: RHB Rewa Havika
|
0-0: Intentional Walk
|
Pitching: RHP Carlos Figueroa
|
|
Batting: LHB John Bergeron
|
0-0: Called Strike 0-1: Ball 1-1: Called Strike 1-2: Ball 2-2: Strikes out swinging
|
Top of the 15th over - 0 runs, 1 hit, 0 errors, 2 left on base; University of Maine 0 - University of Florida 0 |
BOTTOM OF THE 15TH |
University of Florida Gators batting - Pitching for University of Maine Black Bears : RHP Shizue Morimoto
|
Batting: RHB Conz Laufenberg
|
0-0: Foul Ball, location: 2F 0-1: SOLO HOME RUN (Line Drive, 9LD, EV 95.0 MPH), Distance : 350 ft
|
Bottom of the 15th over - 1 run, 1 hit, 0 errors, 0 left on base; University of Maine 0 - University of Florida 1 |
|